 Dungeon Crawl Stone Soup version 0.31-a0-662-g684573625c (webtiles) character file.

Game seed: 13305900932644427125

690 sampeng1 the Trooper (level 7, -4/56 HPs)
             Began as a Human Berserker on Sept 1, 2023.
             Was a Believer of Trog.
             Slain by a gnoll
             ... wielding a +0 halberd
             ... led by a gnoll bouda
              (10 damage)
             ... on level 5 of the Dungeon.
             The game lasted 00:10:07 (3355 turns).

sampeng1 the Trooper (Human Berserker)              Turns: 3355, Time: 00:10:08

Health: -4/56      AC: 20    Str: 20    XL:     7   Next: 95%
Magic:  7/7        EV:  9    Int:  7    God:    Trog [**....]
Gold:   188        SH:  0    Dex: 12    Spells: 6/6 levels left

rFire   . . .        n - +0 great mace (protect)
rCold   . . .        (shield currently unavailable)
rNeg    . . .        o - +1 chain mail
rPois   +            (no helmet)
rElec   .            p - +2 cloak
rCorr   .            (no gloves)
SInv    .            (no boots)
Will    .....        (no amulet) Stlth
                     b - ring of poison resistance
HPRegen 0.29/turn    (no ring)
MPRegen 0.10/turn

%: no passive effects
@: mighty, under a protective aura, on berserk cooldown, slowed, very slow
A: no striking features
a: Renounce Religion, Berserk, Trog's Hand


You were on level 5 of the Dungeon.
You worshipped Trog.
Trog was pleased with you.
You visited 1 branch of the dungeon, and saw 5 of its levels.

You collected 188 gold pieces.

Inventory:

Hand Weapons
 a - a +0 hand axe
 h - a +0 flail
 n - a +0 great mace of protection (weapon)
 s - a +0 morningstar
 t - a +5 hand axe
Missiles
 f - 2 atropa-tipped darts (quivered)
 g - 3 boomerangs
Armour
 d - a +0 scale mail
 o - a +1 chain mail (worn)
 p - a +2 cloak (worn)
Jewellery
 b - a ring of poison resistance (left hand)
 m - a ring of see invisible
Wands
 q - a wand of paralysis (5)
Scrolls
 c - a scroll of poison
 e - a scroll of fog
 i - 2 scrolls of identify
 r - a scroll of fear
Potions
 j - 2 potions of might
 k - a potion of mutation
 l - a potion of enlightenment


   Skills:
 + Level 5.0 Fighting
 - Level 3.4(4.1) Axes
 + Level 3.3(4.0) Maces & Flails
 + Level 4.4 Armour
 + Level 4.4 Dodging


You had 6 spell levels left.
You didn't know any spells.
Your spell library was empty.

Dungeon Overview and Level Annotations

Branches:
Dungeon (5/15)
 Temple: D:4-7

Altars:
Nemelex Xobeh
Xom


Message History

You closely miss the gnoll. The gnoll hits you but does no damage.
The gnoll barely misses you.
You closely miss the gnoll. The gnoll hits you but does no damage.
The gnoll hits you with a +0 club.
You sock the gnoll!
The gnoll is severely wounded.
The gnoll barely misses you. The gnoll closely misses you.
You sock the gnoll!
You kill the gnoll!
Trog accepts your kill.
You are no longer berserk.
You are exhausted.
You feel yourself slow down.
The gnoll hits you but does no damage. x2
The gnoll hits you from afar with a +0 halberd.
* * * LOW HITPOINT WARNING * * *
The gnoll hits you but does no damage. x2
You feel very mighty all of a sudden. The gnoll misses you.
The gnoll barely misses you.
You bludgeon the gnoll!!
You kill the gnoll!
Trog accepts your kill. The gnoll closely misses you.
The gnoll hits you but does no damage. x3
The gnoll closely misses you.
You closely miss the gnoll.
The gnoll is no longer moving quickly.
The gnoll barely misses you.
The gnoll hits you from afar with a +0 halberd!
* * * LOW HITPOINT WARNING * * *
The gnoll hits you but does no damage. The gnoll barely misses you.
The gnoll closely misses you.
You hit the gnoll.
The gnoll is heavily wounded.
The gnoll barely misses you. The gnoll hits you but does no damage.
The gnoll barely misses you. The gnoll hits you but does no damage.
You sock the gnoll!
You kill the gnoll!
Trog accepts your kill.
The gnoll hits you from afar with a +0 halberd.
* * * LOW HITPOINT WARNING * * *
The gnoll hits you from afar with a +0 halberd!
You die...

## ########.# #..
##........# # #
#.##.........# ## ..
#............# #. ) #.
#...........###. ..
#.#............... #.#
#.!...........#...
#...####...)..........
#.g)@.[...(......#.##
#..))......).......##
#..[.<........)....#.
#....................
#....................
#...###..............
...## #..............
.## ##.............
##............


You could see a gnoll.

Vanquished Creatures
  2 scorpions (D:4)
  A gnoll bouda (D:5)
  2 jellies
  3 orc priests (D:5)
  A hound (D:4)
  Jessica (D:3)
  Ijyb (D:3)
  Terence (D:3)
  An orc wizard (D:3)
  Natasha (twice) (D:3)
  2 iguanas (D:5)
  7 gnolls (D:5)
  4 adders
  A worm (D:2)
  2 dart slugs
  7 orcs
  4 ball pythons
  5 endoplasms
  5 giant cockroaches
  2 hobgoblins
  A quokka (D:2)
  4 bats
  6 goblins
  8 kobolds
  5 rats
78 creatures vanquished.

Notes
Turn   | Place    | Note
-------+----------+-------------------------------------------
     0 | D:1      | sampeng1 the Human Berserker began the quest for the Orb.
     0 | D:1      | Reached XP level 1. HP: 18/18 MP: 1/1
   386 | D:1      | Reached XP level 2. HP: 24/24 MP: 2/2
   906 | D:2      | Reached XP level 3. HP: 26/29 MP: 3/3
  1302 | D:2      | Reached XP level 4. HP: 35/35 MP: 4/4
  1597 | D:3      | Noticed Terence
  1613 | D:3      | Killed Terence
  1621 | D:3      | Reached ** piety under Trog
  1695 | D:3      | Noticed Jessica
  1699 | D:3      | Killed Jessica
  1700 | D:3      | Reached skill level 1 in Maces & Flails
  1700 | D:3      | Reached XP level 5. HP: 41/42 MP: 5/5
  1830 | D:3      | Noticed Natasha
  1841 | D:3      | Killed Natasha
  2165 | D:3      | Noticed Natasha
  2168 | D:3      | Noticed Ijyb
  2168 | D:3      | Paralysed by Ijyb for 2 turns
  2170 | D:3      | Killed Natasha
  2171 | D:3      | Reached skill level 4 in Fighting
  2171 | D:3      | Reached XP level 6. HP: 48/48 MP: 6/6
  2172 | D:3      | Paralysed by Ijyb for 3 turns
  2180 | D:3      | Paralysed by Ijyb for 5 turns
  2187 | D:3      | Killed Ijyb
  2333 | D:4      | Reached XP level 7. HP: 48/55 MP: 7/7
  2969 | D:5      | Entered Level 5 of the Dungeon
  2969 | D:5      | Found a shimmering altar of Xom.
  2980 | D:5      | Found a sparkling altar of Nemelex Xobeh.
  3345 | D:5      | Reached skill level 5 in Fighting
  3355 | D:5      | Slain by a gnoll

Illustrated notes

Levels and vault maps discovered:
D:1:      minmay_arrival_three_doors, layout_loops_cross
D:2:      layout_loops_ring, minmay_indecisive_spiral
D:3:      layout_basic, uniq_natasha, uniq_jessica, uniq_terence, uniq_ijyb
D:4:      layout_loops_ring, minmay_fountain_box
D:5:      layout_rooms, mainiacjoe_overflow_surrounded_room,
          overflow_temple_1_default

Skill      XL: |  1  2  3  4  5  6  7 |
---------------+----------------------+-----
Maces & Flails | 1 2 3 |  3.3
Dodging        | 3 4 |  4.4
Armour         | 3 4 |  4.4
Fighting       | 4 5 |  5.0
Axes           | |  3.4

Action                     |  1- 3 |  4- 6 |  7- 9 || total
---------------------------+-------+-------+-------++-------
  Melee: Hand axe          |    94 |       |       ||    94
         Punch             |     1 |       |       ||     1
         Great mace        |     5 |   111 |    95 ||   211
 Invoke: Berserk           |     1 |     2 |     1 ||     4
    Use: Scroll            |       |    10 |       ||    10
         Potion            |       |     1 |     1 ||     2
 Armour: Scale mail        |    65 |       |       ||    65
         Animal skin       |     1 |       |       ||     1
         Chain mail        |     5 |   139 |   109 ||   253
  Dodge: Dodged            |    49 |    55 |    60 ||   164

Table legend: (Time is in decaauts)
 A = Elapsed time spent in this place.
 B = Non-inter-level travel time spent in this place.
 C = Inter-level travel time spent in this place.
 D = Time resting spent in this place.
 E = Time spent auto-exploring this place.
 F = Levels seen in this place.
 G = Mean time per level.
                   A        B        C        D        E       F      G
               +--------+--------+--------+--------+--------+-----+--------+
         Total |   3507 |   3436 |     71 |      0 |   2441 |   5 |  701.4 |
       Dungeon |   3507 |   3436 |     71 |      0 |   2441 |   5 |  701.4 |
               +--------+--------+--------+--------+--------+-----+--------+

Top non-repeatable levels by time:
     D:2: 804 daAuts
     D:3: 801 daAuts
     D:4: 760 daAuts
     D:1: 724 daAuts
     D:5: 416 daAuts
